 Dungeon Crawl Stone Soup version 0.31-a0-200-gbc41564c69 (webtiles) character file.

Game seed: 15803193944407207145

448 qw the Skirmisher (level 6, -2/35 HPs)
             Began as a Deep Elf Hunter on June 25, 2023.
             Was an Initiate of Okawaru.
             Engulfed by a steam dragon's steam (5 damage)
             ... on level 4 of the Dungeon.
             The game lasted 00:01:29 (2961 turns).

qw the Skirmisher (Deep Elf Hunter)                 Turns: 2961, Time: 00:01:29

Health: -2/35      AC:  9    Str: 10    XL:     6   Next: 73%
Magic:  8/8        EV: 11    Int: 14    God:    Okawaru [......]
Gold:   229        SH:  0    Dex: 18    Spells: 5/5 levels left

rFire   . . .        Y - +2 shortbow
rCold   . . .        (shield currently unavailable)
rNeg    + . .        e - +0 ring mail
rPois   .            (no helmet)
rElec   .            (no cloak)
rCorr   +            k - +0 pair of gloves
SInv    .            b - +0 pair of boots
Will    .....        (no amulet)
Stlth   +            l - ring of resist corrosion
HPRegen 0.25/turn    g - ring of positive energy
MPRegen 0.11/turn

%: no passive effects
@: lethally poisoned (-2 -> -5)
A: iridescent scales 1
a: Renounce Religion


You were on level 4 of the Dungeon.
You worshipped Okawaru.
Okawaru was noncommittal.
You visited 2 branches of the dungeon, and saw 5 of its levels.

You collected 229 gold pieces.


Innate Abilities, Weirdness & Mutations

You are partially covered in iridescent scales. (AC +2)


   Skills:
 - Level 2.0 Fighting
 + Level 10.0 Ranged Weapons
 - Level 1.4 Armour
 - Level 3.0 Dodging
 - Level 1.2 Stealth


You had 5 spell levels left.
You didn't know any spells.
Your spell library was empty.

Inventory:

Hand Weapons
 Y - a +2 shortbow (weapon)
Armour
 b - a +0 pair of boots (worn)
 e - a +0 ring mail (worn)
 k - a +0 pair of gloves (worn)
Jewellery
 g - a ring of positive energy (right hand)
 l - a ring of resist corrosion (left hand)
Scrolls
 j - a scroll of identify
Potions
 c - a potion of berserk rage {unknown}
 d - a potion of enlightenment
 f - 2 potions of haste
 h - a potion of might
 i - a potion of attraction {unknown}
 m - a potion of mutation
 n - a potion of degeneration {unknown}

Dungeon Overview and Level Annotations

Branches:
Dungeon (4/15)             Temple (1/1) D:4

Altars:
Ashenzari
Cheibriados
Dithmenos
Elyvilon
Fedhas
Gozag
Hepliaklqana
Kikubaaqudgha
Makhleb
Nemelex Xobeh
Okawaru
Qazlal
Ru
Trog
Uskayaw
Vehumet
Xom
Yredelemnul
Zin

Annotations:
D:3 2 transporters, qw's ghost, amateur DEHu


Message History

You feel sick. The scorpion barely misses you.
You shoot an arrow. The arrow hits the scorpion.
The scorpion is severely wounded.
You feel sick.
The scorpion stings you but does no damage.
The scorpion stings you.
You are more poisoned.
The scorpion poisons you!
You shoot an arrow. The arrow barely misses the scorpion.
The arrow hits the steam dragon!
The steam dragon is moderately wounded.
You feel very sick. The scorpion closely misses you.
You shoot an arrow. The arrow hits the scorpion.
The scorpion is almost dead.
You feel sick.
The scorpion stings you but does no damage.
You shoot an arrow. The arrow hits the scorpion.
You kill the scorpion!
Okawaru accepts your kill.
You feel sick. The steam dragon breathes steam at you.
The ball of steam hits the giant cockroach!
The giant cockroach dies!
The ball of steam hits you!
Your Armour skill increases to level 1!
You shoot an arrow. The arrow hits the steam dragon!
The steam dragon is heavily wounded.
You are engulfed in a cloud of scalding steam.
You feel sick.
You shoot an arrow.
The arrow barely misses the steam dragon.
You are engulfed in a cloud of scalding steam.
You feel sick.
The steam dragon bites you but does no damage.
The steam dragon barely misses you.
You shoot an arrow.
The arrow closely misses the steam dragon.
You are engulfed in a cloud of scalding steam.
You die...

#.###.......######......
#...#.......#...........
###.'...>...'.####......
###.......#....#......
#.......####.#......
####'#### #.........
#......# #..#......
#.#########..#......
#.#@......#..#......
#.#D##.#..#.........
######.#..####.#.........
#.)....##.# #..####......
#.###### .. ##.#.........
#.# ... #)#.##...... #.#
.#$ #.#.##......
#.############.#.##......
#.......# #...........


You could see a steam dragon.

Vanquished Creatures
  Sigmund (D:2)
  A scorpion (D:4)
  2 orc wizards (D:4)
  4 gnolls
  4 adders
  A white imp (D:4)
  2 worms
  4 dart slugs
  3 orcs (D:4)
  7 bats
  8 endoplasms
  4 giant cockroaches
  8 goblins
  8 hobgoblins
  4 jackals (D:1)
  3 quokkas
  6 ball pythons
  4 frilled lizards (D:1)
  11 kobolds
  5 rats
90 creatures vanquished.

Vanquished Creatures (others)
  A giant cockroach (D:4)
1 creature vanquished.

Grand Total: 91 creatures vanquished

Notes
Turn   | Place    | Note
-------+----------+-------------------------------------------
     0 | D:1      | qw the Deep Elf Hunter began the quest for the Orb.
     0 | D:1      | Reached XP level 1. HP: 12/12 MP: 3/3
     0 | D:1      | 0 ||| qw: Version: 0.3-a-22-g0ed2b0b
     0 | D:1      | 0 ||| qw: Game counter: 5509
     0 | D:1      | 0 ||| qw: Melee chars always use a shield: true
     0 | D:1      | 0 ||| qw: God list: Okawaru
     0 | D:1      | 0 ||| qw: Allow faded altars: false
     0 | D:1      | 0 ||| qw: Do Orc after clearing Dungeon:15 true
     0 | D:1      | 0 ||| qw: Do second Lair branch before Depths: true
     0 | D:1      | 0 ||| qw: Lair rune preference: random
     0 | D:1      | 0 ||| qw: Goals: Normal
     0 | D:1      | 0 ||| PLANNING D:1-11
     1 | D:1      | Noticed an electric eel
    24 | D:1      | 24 ||| FLEEEEING.
    26 | D:1      | 26 ||| FLEEEEING.
   114 | D:1      | Reached XP level 2. HP: 16/16 MP: 4/4
   125 | D:1      | Reached skill level 6 in Ranged Weapons
   332 | D:1      | Reached XP level 3. HP: 20/20 MP: 5/5
   429 | D:1      | Reached skill level 7 in Ranged Weapons
   749 | D:1      | 749 ||| UPGRADING to +0 ring mail.
   759 | D:1      | 759 ||| DROPPING +0 leather armour.
   760 | D:1      | 760 ||| UPGRADING to +0 pair of gloves.
   765 | D:1      | 765 ||| UPGRADING to ring of resist corrosion.
   766 | D:1      | 766 ||| READING scroll labelled RIORYP LYONGENA.
   767 | D:1      | 767 ||| READING 3 scrolls labelled NOGOERE HEDOWYRIZE.
   768 | D:1      | 768 ||| READING scroll labelled ATEHAJ KUZIU.
   769 | D:1      | 769 ||| DRINKING 2 sapphire potions.
   770 | D:1      | 770 ||| READING 2 scrolls of identify.
   770 | D:1      | 770 ||| IDENTIFYING bubbling white potion
   771 | D:1      | 771 ||| DROPPING scroll of butterflies.
   868 | D:2      | HP: 5/20 [worm (6)]
   869 | D:2      | 869 ||| DRINKING potion of heal wounds.
   935 | D:2      | Reached XP level 4. HP: 23/25 MP: 6/6
  1042 | D:2      | Identified the +11 flail of the Doomed Warrior {heavy,
                  | rElec rN+ Str+4 Dex-5}
  1240 | D:2      | Noticed Sigmund
  1248 | D:2      | Killed Sigmund
  1249 | D:2      | Reached skill level 9 in Ranged Weapons
  1249 | D:2      | Reached XP level 5. HP: 18/29 MP: 7/7
  1472 | D:2      | Found a faded altar of an unknown god.
  1505 | D:2      | 1505 ||| READING 2 scrolls labelled ONWIECH GASHRU.
  1506 | D:2      | 1506 ||| READING 2 scrolls labelled NAXZEGA UGRELY.
  1507 | D:2      | 1507 ||| READING 4 scrolls of identify.
  1507 | D:2      | 1507 ||| IDENTIFYING clear potion
  1508 | D:2      | 1508 ||| READING 3 scrolls of identify.
  1508 | D:2      | 1508 ||| IDENTIFYING lumpy silvery potion
  1509 | D:2      | 1509 ||| READING 2 scrolls of identify.
  1509 | D:2      | 1509 ||| IDENTIFYING inky potion
  1510 | D:2      | 1510 ||| DROPPING scroll of poison.
  1511 | D:2      | 1511 ||| DROPPING scroll of vulnerability.
  1513 | D:2      | 1513 ||| Stepping ~*~*~tactically~*~*~ (cloud).
  1652 | D:3      | Noticed qw's ghost (amateur DEHu)
  1653 | D:3      | Found a transporter.
  1688 | D:3      | Reached XP level 6. HP: 15/35 MP: 8/8
  1758 | D:3      | 1758 ||| FLEEEEING.
  1759 | D:3      | 1759 ||| FLEEEEING.
  1823 | D:3      | Found a transporter.
  1902 | D:3      | Found a burning altar of Makhleb.
  1903 | D:3      | Found a basalt altar of Yredelemnul.
  1904 | D:3      | Found a shadowy altar of Dithmenos.
  2190 | D:3      | 2190 ||| READING scroll labelled ACZAUN EDICW.
  2191 | D:3      | 2191 ||| DRINKING 2 murky inky potions.
  2191 | D:3      | Gained mutation: You are partially covered in iridescent
                  | scales. (AC +2) [potion of mutation]
  2229 | D:4      | 2229 ||| DRINKING potion of curing.
  2229 | D:4      | 2229 ||| (to cure confusion)
  2242 | D:4      | 2242 ||| FLEEEEING.
  2249 | D:4      | 2249 ||| FLEEEEING.
  2250 | D:4      | 2250 ||| FLEEEEING.
  2250 | D:4      | HP: 7/35 [something/magic dart (4)]
  2251 | D:4      | 2251 ||| FLEEEEING.
  2252 | D:4      | 2252 ||| FLEEEEING.
  2253 | D:4      | 2253 ||| FLEEEEING.
  2256 | D:4      | 2256 ||| DRINKING potion of heal wounds.
  2263 | D:4      | 2263 ||| FLEEEEING.
  2264 | D:4      | 2264 ||| FLEEEEING.
  2265 | D:4      | 2265 ||| FLEEEEING.
  2266 | D:4      | 2266 ||| FLEEEEING.
  2493 | D:4      | Reached skill level 10 in Ranged Weapons
  2517 | D:4      | 2517 ||| READING scroll of enchant weapon.
  2517 | D:4      | 2517 ||| ENCHANTING +1 shortbow.
  2653 | D:4      | Reached skill level 3 in Dodging
  2661 | D:4      | Found a staircase to the Ecumenical Temple.
  2662 | D:4      | 2662 ||| PLANNING TEMPLE
  2662 | D:4      | 2662 ||| UPGRADING to +0 pair of boots.
  2667 | D:4      | 2667 ||| UPGRADING to ring of positive energy.
  2668 | D:4      | 2668 ||| READING scroll labelled ENOQ ROSAE.
  2677 | Temple   | Entered the Ecumenical Temple
  2760 | Temple   | 2760 ||| PLANNING OKAWARU WORSHIP
  2767 | Temple   | Became a worshipper of Warmaster Okawaru
  2768 | Temple   | 2768 ||| PLANNING D:1-11
  2938 | D:4      | Noticed a steam dragon
  2952 | D:4      | HP: 8/35 [scorpion (4)]
  2953 | D:4      | 2953 ||| DRINKING potion of heal wounds.
  2959 | D:4      | Reached skill level 1 in Armour
  2960 | D:4      | HP: 4/35 [steam dragon] (5)]
  2961 | D:4      | Engulfed by a steam dragon's steam

Levels and vault maps discovered:
D:1:      arrival_aquarium_a, layout_loops_cross
D:2:      layout_basic, dilly_ecumenical_altar_fadedgnrine, serial_park_tiny_1,
          uniq_sigmund
D:3:      layout_rooms, gammafunk_temple_overflow_forgotten,
          gammafunk_ghost_stat_death
D:4:      minmay_wonky_spiral, layout_basic, temple_green,
          nicolae_kite_square_tiling_tiny, st_stairs_4, sigmund_army
Temple:   lightli_temple_of_artemis

Skill      XL: |  1  2  3  4  5  6 |
---------------+-------------------+-----
Ranged Weapons | 6 7 9 10 | 10.0
Fighting       | 2 |  2.0
Dodging        | 3 |  3.0
Armour         | 1 |  1.4
Stealth        | |  1.2

Action                     |  1- 3 |  4- 6 || total
---------------------------+-------+-------++-------
   Fire: Shortbow          |   112 |   192 ||   304
    Use: Scroll            |     4 |     8 ||    12
         Potion            |     2 |     4 ||     6
 Armour: Leather armour    |     3 |       ||     3
         Ring mail         |       |    66 ||    66
  Dodge: Dodged            |    35 |    52 ||    87

Table legend:
 A = Non-vault XP
 B = Vault XP
 C = Vault XP percentage of total XP
 D = Non-vault monster count
 E = Vault monster count
 F = Vault count percentage of total count
                 A         B        C        D         E       F
            +---------+---------+-------+---------+---------+-------
      Total |     322 |     318 |  49.7 |      85 |       5 |   5.6
            +---------+---------+-------+---------+---------+-------
        D:1 |      80 |       0 |   0.0 |      37 |       0 |   0.0
        D:2 |      52 |     226 |  81.3 |      21 |       1 |   4.5
        D:3 |      61 |       0 |   0.0 |      13 |       0 |   0.0
        D:4 |     129 |      92 |  41.6 |      14 |       4 |  22.2
            +---------+---------+-------+---------+---------+-------
